Spitfire vs Knights
Created - 6 mars 2013 at 21:15
Goals
|
| Spitfire |
4 |
2 |
1 |
7 |
| Knights |
2 |
3 |
0 |
5 |
|
Shots
|
| Spitfire |
12 |
18 |
9 |
39 |
| Knights |
6 |
16 |
14 |
36 |
|
1st period
1. Knights , Joel Ward 6 (Aaron Rome, Michael Leighton) at 2:38
2. Spitfire , Kris Beech 13 (Denis Shvidki) at 5:57
3. Spitfire , Marc-Antoine Pouliot 8 (Ryan Callahan) at 6:41
4. Knights , Darroll Powe 21 (Nigel Dawes) at 12:12
5. Spitfire , Shean Donovan 20 (David Krejci) at 15:36
6. Spitfire , Ryan Callahan 24 (Marc-Antoine Pouliot) at 19:52
Penalties :
Kevin Klein (Val) for Hooking (Minor) at 9:26, Ryan Suter (Lon) for Hooking (Minor) at 12:50, Denis Shvidki (Val) for Slashing (Minor) at 12:50, Kevin Klein (Val) for Hooking (Minor) at 15:54
2nd period
7. Spitfire , Denis Shvidki 17 (Sergei Kostitsyn) at 0:33
8. Knights , Steve Downie 31 (Ryan Suter, Jeff Schultz) at 3:50 (PP)
9. Knights , Jarret Stoll 8 (Steve Downie, Matt Moulson) at 5:32 (PP)
10. Spitfire , Denis Shvidki 18 (Matt Walker, Kris Beech) at 16:00
11. Knights , Nikolai Zherdev 18 (Darroll Powe) at 18:26
Penalties :
Yann Danis (Val) for Slashing (Minor) at 3:14 - David Krejci served the penalty, David Krejci (Val) for Roughing (Minor) at 4:10, David Krejci (Val) for Hooking (Minor) at 8:27
3rd period
12. Spitfire , Shawn Matthias 10 (Kevin Klein) at 3:10
Penalties :
Martin Samuelsson (Val) for Roughing (Minor) at 0:09, Darroll Powe (Lon) for Hooking (Minor) at 8:45
Goalie Stats
Yann Danis (Val), 31 saves from 36 shots - (0,861), W, 1-5-0, 60:00 minutes
Dany Sabourin (Lon), 24 saves from 27 shots - (0,889), L, 2-5-3, 40:08 minutes
Michael Leighton (Lon), 8 saves from 12 shots - (0,667), 19:52 minutes
Players Stats for Spitfire
Player Name G A P +/- PIM S H SB GA TA FO MP PP MP PK MP
------------------------------------------------------------------------------------
Brad Staubitz 0 0 0 0 0 0 0 0 0 0 0/0 0:18 0:15 0:00
Danny Syvret 0 0 0 2 0 1 0 4 0 1 0/0 12:43 0:00 0:39
David Krejci 0 1 1 -2 4 3 1 0 1 0 10/32 16:46 0:37 0:12
Denis Shvidki 2 1 3 3 2 8 0 0 0 0 1/2 16:10 0:58 2:44
Devin Didiomete 0 0 0 0 0 0 0 0 0 0 0/0 0:00 0:00 0:00
Erik Condra 0 0 0 1 0 1 1 0 0 0 0/0 8:03 0:00 0:00
Keaton Ellerby 0 0 0 2 0 2 1 1 0 1 0/0 14:04 0:00 2:00
Keith Yandle 0 0 0 -1 0 3 1 1 1 0 0/0 19:47 0:38 4:04
Kevin Klein 0 1 1 3 4 2 4 2 1 0 0/0 25:32 1:21 3:12
Kris Beech 1 1 2 3 0 4 2 0 0 0 6/7 13:15 0:58 0:00
Marc-Antoine Pouliot 1 1 2 2 0 3 2 0 0 0 5/7 10:12 0:20 0:00
Martin Samuelsson 0 0 0 -2 2 1 0 3 0 0 0/1 22:11 0:41 4:46
Mathieu Roy 0 0 0 -1 0 0 2 2 0 1 0/0 20:01 0:38 4:17
Matt Walker 0 1 1 3 0 1 3 2 0 0 0/0 27:55 1:21 5:36
Paul Bissonnette 0 0 0 1 0 0 1 1 0 0 0/0 9:55 0:00 1:22
Ryan Callahan 1 1 2 2 0 3 3 1 1 0 0/0 12:33 0:00 2:44
Sergei Kostitsyn 0 1 1 3 0 2 1 0 0 1 0/1 13:22 0:58 0:09
Shawn Matthias 1 0 1 1 0 2 2 1 0 0 4/8 11:02 0:00 1:46
Shean Donovan 1 0 1 -2 0 2 2 2 0 0 6/11 23:30 0:41 6:05
Tim Kennedy 0 0 0 2 0 1 0 0 1 1 0/1 10:42 0:29 0:00
Players Stats for Knights
Player Name G A P +/- PIM S H SB GA TA FO MP PP MP PK MP
------------------------------------------------------------------------------------
Aaron Rome 0 1 1 -1 0 0 1 0 0 1 0/0 12:19 0:00 0:11
Bobby Butler 0 0 0 -1 0 0 0 0 0 1 0/0 9:36 0:00 0:24
Chris Thorburn 0 0 0 -1 0 0 1 1 1 0 1/1 9:31 0:00 0:00
Darroll Powe 1 1 2 0 2 5 2 0 1 1 20/36 20:35 5:07 0:00
Garnet Exelby 0 0 0 -1 0 0 1 0 0 0 0/0 11:06 0:00 1:00
Jarret Stoll 1 0 1 -2 0 2 0 1 1 0 11/16 19:49 4:47 0:58
Jeff Schultz 0 1 1 0 0 3 0 1 0 2 0/0 29:19 6:37 0:48
Joel Ward 1 0 1 -1 0 1 0 0 0 0 0/0 9:20 0:00 0:00
Karlis Skrastins 0 0 0 -3 0 1 0 3 0 0 0/0 19:47 3:17 0:59
Mats Zuccarello 0 0 0 -1 0 0 1 0 0 0 0/2 9:46 0:00 0:43
Matt Moulson 0 1 1 -2 0 4 1 1 0 0 0/0 19:28 4:47 0:56
Nathan Gerbe 0 0 0 -1 0 0 0 0 1 0 2/5 9:30 0:00 0:18
Nigel Dawes 0 1 1 0 0 4 1 3 0 0 2/3 19:42 5:07 0:39
Nikolai Zherdev 1 0 1 0 0 7 2 0 0 0 0/0 20:38 5:07 0:00
Peter Mueller 0 0 0 -1 0 0 1 1 0 0 1/5 9:03 0:00 0:00
Ryan Suter 0 1 1 0 2 3 2 2 0 0 0/0 27:23 6:37 0:00
Steve Downie 1 1 2 -2 0 6 1 0 1 0 1/2 18:51 4:47 0:00
Zbynek Michalek 0 0 0 -3 0 0 1 0 0 0 0/0 20:17 3:17 1:00
3 Stars
1 - Denis Shvidki (Val)
2 - Kris Beech (Val)
3 - Ryan Callahan (Val)
Power Play
Spitfire - 0 on 1 Attempt(s) - 0,00%
Knights - 2 on 6 Attempt(s) - 33,33%
Penalty Kill
Spitfire - 4 on 6 Attempt(s) - 66,67%
- Score 0 goal in Penalty Kill
Knights - 1 on 1 Attempt(s) - 100,00%
- Score 0 goal in Penalty Kill
Official
Referees : Rooney Chris and Leggo Mike
Linesman : Pierre Champoux and Lyle Seitz
Game Notes
Dany Sabourin enters game at 19:52 of 1st period
Spitfire
5 vs 5 Forward
Center Left Wing Right Wing Time % Phy DF OF
1 David Krejci Martin Samuelsson Shean Donovan 40 1 2 2
2 Kris Beech Sergei Kostitsyn Denis Shvidki 30 1 2 2
3 Marc-Antoine Pouliot Tim Kennedy Ryan Callahan 20 1 2 2
4 Shawn Matthias Paul Bissonnette Erik Condra 10 1 2 2
5 vs 5 Defense
Defense Defense Time % Phy DF OF
1 Kevin Klein Matt Walker 40 1 2 2
2 Mathieu Roy Keith Yandle 30 1 2 2
3 Danny Syvret Keaton Ellerby 20 1 2 2
4 Kevin Klein Matt Walker 10 1 2 2
PowerPlay Forward
Center Left Wing Right Wing Time % Phy DF OF
1 David Krejci Martin Samuelsson Shean Donovan 60 1 2 2
2 Kris Beech Sergei Kostitsyn Denis Shvidki 40 1 2 2
PowerPlay Defense
Defense Defense Time % Phy DF OF
1 Kevin Klein Matt Walker 60 1 2 2
2 Mathieu Roy Keith Yandle 40 1 2 2
Penalty Kill 4 Players Forward
Center Wing Time % Phy DF OF
1 Shean Donovan Martin Samuelsson 60 1 2 2
2 Denis Shvidki Ryan Callahan 40 1 2 2
Penalty Kill 4 Players Defense
Defense Defense Time % Phy DF OF
1 Kevin Klein Matt Walker 60 1 2 2
2 Mathieu Roy Keith Yandle 40 1 2 2
Penalty Kill - 3 Players Forward
Forward Time % Phy DF OF
1 Shean Donovan 60 1 2 2
2 Martin Samuelsson 40 1 2 2
Penalty Kill - 3 Players Defense
Defense Defense Time % Phy DF OF
1 Kevin Klein Matt Walker 60 1 2 2
2 Mathieu Roy Keith Yandle 40 1 2 2
4 vs 4 Forward
Center Wing Time % Phy DF OF
1 Shean Donovan Martin Samuelsson 60 1 2 2
2 Denis Shvidki Ryan Callahan 40 1 2 2
4 vs 4 Defense
Defense Defense Time % Phy DF OF
1 Kevin Klein Matt Walker 60 1 2 2
2 Mathieu Roy Keith Yandle 40 1 2 2
Last Minutes Offensive
Center Left Wing Right Wing Defense Defense
David Krejci Martin Samuelsson Shean Donovan Kevin Klein Matt Walker
Last Minutes Defensive
Center Left Wing Right Wing Defense Defense
David Krejci Martin Samuelsson Shean Donovan Kevin Klein Matt Walker
Goaltenders
Starting : Yann Danis
Backup : Marc Denis
Extra Forwards
Normal : Tim Kennedy, Marc-Antoine Pouliot, Shawn Matthias - PP : Tim Kennedy, Marc-Antoine Pouliot - PK : Shawn Matthias
Extra Defensemen
Normal : Danny Syvret, Keaton Ellerby, Mathieu Roy - PP : Danny Syvret - PK : Keaton Ellerby, Mathieu Roy
Penalty Shots
Shean Donovan, Martin Samuelsson, Denis Shvidki, Ryan Callahan, David Krejci
Knights
5 vs 5 Forward
Center Left Wing Right Wing Time % Phy DF OF
1 Jarret Stoll Matt Moulson Steve Downie 35 1 1 3
2 Darroll Powe Nigel Dawes Nikolai Zherdev 35 1 1 3
3 Nathan Gerbe Bobby Butler Chris Thorburn 15 1 1 3
4 Peter Mueller Mats Zuccarello Joel Ward 15 1 2 2
5 vs 5 Defense
Defense Defense Time % Phy DF OF
1 Ryan Suter Jeff Schultz 40 2 2 1
2 Karlis Skrastins Zbynek Michalek 30 2 2 1
3 Aaron Rome Garnet Exelby 20 2 2 1
4 Ryan Suter Jeff Schultz 10 1 2 2
PowerPlay Forward
Center Left Wing Right Wing Time % Phy DF OF
1 Darroll Powe Nigel Dawes Nikolai Zherdev 60 0 0 5
2 Jarret Stoll Matt Moulson Steve Downie 40 0 0 5
PowerPlay Defense
Defense Defense Time % Phy DF OF
1 Ryan Suter Jeff Schultz 60 0 1 4
2 Karlis Skrastins Zbynek Michalek 40 0 1 4
Penalty Kill 4 Players Forward
Center Wing Time % Phy DF OF
1 Darroll Powe Nigel Dawes 60 0 4 1
2 Nikolai Zherdev Steve Downie 40 0 4 1
Penalty Kill 4 Players Defense
Defense Defense Time % Phy DF OF
1 Karlis Skrastins Jeff Schultz 60 0 5 0
2 Zbynek Michalek Garnet Exelby 40 0 5 0
Penalty Kill - 3 Players Forward
Forward Time % Phy DF OF
1 Darroll Powe 60 0 5 0
2 Nigel Dawes 40 0 5 0
Penalty Kill - 3 Players Defense
Defense Defense Time % Phy DF OF
1 Karlis Skrastins Jeff Schultz 60 0 5 0
2 Garnet Exelby Zbynek Michalek 40 0 5 0
4 vs 4 Forward
Center Wing Time % Phy DF OF
1 Darroll Powe Nikolai Zherdev 60 0 1 4
2 Jarret Stoll Steve Downie 40 2 1 2
4 vs 4 Defense
Defense Defense Time % Phy DF OF
1 Ryan Suter Jeff Schultz 60 1 2 2
2 Karlis Skrastins Zbynek Michalek 40 1 2 2
Last Minutes Offensive
Center Left Wing Right Wing Defense Defense
Darroll Powe Matt Moulson Nikolai Zherdev Jeff Schultz Ryan Suter
Last Minutes Defensive
Center Left Wing Right Wing Defense Defense
Darroll Powe Nigel Dawes Nikolai Zherdev Jeff Schultz Karlis Skrastins
Goaltenders
Starting : Michael Leighton
Backup : Dany Sabourin
Extra Forwards
Normal : Matt Moulson, Nikolai Zherdev, Chris Thorburn - PP : Steve Downie, Nikolai Zherdev - PK : Mats Zuccarello
Extra Defensemen
Normal : Jeff Schultz, Ryan Suter, Zbynek Michalek - PP : Garnet Exelby - PK : Karlis Skrastins, Aaron Rome
Penalty Shots
Nathan Gerbe, Nikolai Zherdev, Jarret Stoll, Nigel Dawes, Matt Moulson
% Time on Ice - Spitfire
Lines # - Real PCT - Wanted PCT - Time Play
Normal Forward
1 - 36% - 40% - 16:30
2 - 27% - 30% - 12:29
3 - 20% - 20% - 9:06
4 - 17% - 10% - 8:03
Normal Defense
1 - 40% - 40% - 18:26
2 - 31% - 30% - 14:30
3 - 26% - 20% - 12:01
4 - 3% - 10% - 1:11
PP Forward
1 - 51% - 60% - 1:01
2 - 49% - 40% - 0:58
PP Defense
1 - 68% - 60% - 1:21
2 - 32% - 40% - 0:38
PK Forward
1 - 72% - 60% - 7:10
2 - 28% - 40% - 2:44
PK Defense
1 - 59% - 60% - 5:50
2 - 41% - 40% - 4:04
PK3 Forward
1 - 0% - 60%
2 - 0% - 40%
PK3 Defense
1 - 0% - 60%
2 - 0% - 40%
44 Forward
1 - 76% - 60% - 1:31
2 - 24% - 40% - 0:28
44 Defense
1 - 71% - 60% - 1:24
2 - 29% - 40% - 0:35
Last Minute Offensive - 0:00
Last Minute Defensive - 0:00
Total
Forward - 60:00
Defense - 60:00
|
% Time on Ice - Knights
Lines # - Real PCT - Wanted PCT - Time Play
Normal Forward
1 - 31% - 35% - 14:15
2 - 30% - 35% - 14:00
3 - 19% - 15% - 8:50
4 - 20% - 15% - 9:03
Normal Defense
1 - 41% - 40% - 19:00
2 - 33% - 30% - 15:21
3 - 21% - 20% - 9:55
4 - 4% - 10% - 1:52
PP Forward
1 - 52% - 60% - 5:07
2 - 48% - 40% - 4:47
PP Defense
1 - 67% - 60% - 6:37
2 - 33% - 40% - 3:17
PK Forward
1 - 100% - 60% - 1:59
2 - 0% - 40% - 0:00
PK Defense
1 - 50% - 60% - 0:59
2 - 50% - 40% - 1:00
PK3 Forward
1 - 0% - 60%
2 - 0% - 40%
PK3 Defense
1 - 0% - 60%
2 - 0% - 40%
44 Forward
1 - 78% - 60% - 1:33
2 - 22% - 40% - 0:26
44 Defense
1 - 97% - 60% - 1:55
2 - 3% - 40% - 0:04
Last Minute Offensive - 0:00
Last Minute Defensive - 0:00
Total
Forward - 60:00
Defense - 60:00
|
Play by Play
1st period
0:01 of 1st period - David Krejci wins face-off versus Jarret Stoll in neutral zone.
0:26 of 1st period - Jeff Schultz is hit by Kris Beech.
0:50 of 1st period - Zbynek Michalek is hit by Mathieu Roy and loses puck.
0:57 of 1st period - Slapshot by Ryan Callahan.
0:57 of 1st period - Shot Misses the Net.
1:29 of 1st period - Wrist shot by Jarret Stoll.
1:29 of 1st period - Shot Misses the Net.
1:41 of 1st period - Martin Samuelsson is hit by Steve Downie and loses puck.
1:58 of 1st period - Ryan Suter is hit by Kevin Klein and loses puck.
2:05 of 1st period - Backhand shot by Kris Beech.
2:05 of 1st period - Stopped by Michael Leighton without a rebound.
2:06 of 1st period - Marc-Antoine Pouliot wins face-off versus Mats Zuccarello in Knights zone.
2:11 of 1st period - Snap shot by Ryan Callahan.
2:11 of 1st period - Deflect By Marc-Antoine Pouliot.
2:11 of 1st period - Stopped by Michael Leighton without a rebound.
2:12 of 1st period - Peter Mueller wins face-off versus Marc-Antoine Pouliot in Knights zone.
2:12 of 1st period - Peter Mueller is hit by Marc-Antoine Pouliot.
2:38 of 1st period - Wrist shot by Joel Ward.
2:38 of 1st period - Goal by Joel Ward - Spitfire : 0 - Knights : 1.
2:39 of 1st period - Kris Beech wins face-off versus Darroll Powe in neutral zone.
2:48 of 1st period - Slapshot by Kris Beech.
2:48 of 1st period - Shot Blocked by Nigel Dawes.
2:50 of 1st period - Slapshot by Kevin Klein.
2:50 of 1st period - Shot Blocked by Ryan Suter.
2:52 of 1st period - Backhand shot by Kevin Klein.
2:52 of 1st period - Shot Misses the Net.
4:55 of 1st period - Steve Downie is hit by Ryan Callahan.
5:18 of 1st period - Aaron Rome is hit by Mathieu Roy and loses puck.
5:57 of 1st period - Snap shot by Kris Beech.
5:57 of 1st period - Goal by Kris Beech - Spitfire : 1 - Knights : 1.
5:58 of 1st period - Jarret Stoll wins face-off versus David Krejci in neutral zone.
6:09 of 1st period - Slapshot by Matt Moulson.
6:09 of 1st period - Stopped by Yann Danis without a rebound.
6:10 of 1st period - David Krejci wins face-off versus Jarret Stoll in Spitfire zone.
6:10 of 1st period - David Krejci is hit by Matt Moulson.
6:24 of 1st period - Wrist shot by Matt Moulson.
6:24 of 1st period - Shot Blocked by Kevin Klein.
6:26 of 1st period - Wrist shot by Jarret Stoll.
6:26 of 1st period - Stopped by Yann Danis with a rebound.
6:41 of 1st period - Wrist shot by Marc-Antoine Pouliot.
6:41 of 1st period - Goal by Marc-Antoine Pouliot - Spitfire : 2 - Knights : 1.
6:42 of 1st period - Darroll Powe wins face-off versus David Krejci in neutral zone.
6:58 of 1st period - Snap shot by Darroll Powe.
6:58 of 1st period - Shot Misses the Net.
9:16 of 1st period - Off-side.
9:17 of 1st period - Shawn Matthias wins face-off versus Peter Mueller in neutral zone.
9:26 of 1st period - Minor Penalty to Kevin Klein for Hooking.
9:27 of 1st period - Shean Donovan wins face-off versus Darroll Powe in Spitfire zone.
10:40 of 1st period - Slapshot by Keith Yandle.
10:40 of 1st period - Stopped by Michael Leighton without a rebound.
10:41 of 1st period - Darroll Powe wins face-off versus Shawn Matthias in Knights zone.
10:41 of 1st period - Darroll Powe is hit by Shawn Matthias.
11:26 of 1st period - Penalty to Kevin Klein is over, Kevin Klein is back on ice.
11:32 of 1st period - Off-side.
11:33 of 1st period - Shawn Matthias wins face-off versus Nathan Gerbe in neutral zone.
11:36 of 1st period - Wrist shot by Shawn Matthias.
11:36 of 1st period - Deflect By Bobby Butler.
11:36 of 1st period - Shot Blocked by Chris Thorburn.
11:36 of 1st period - Puck is out of play.
11:37 of 1st period - Nathan Gerbe wins face-off versus Shawn Matthias in Knights zone.
11:45 of 1st period - Off-side.
11:46 of 1st period - David Krejci wins face-off versus Jarret Stoll in neutral zone.
11:58 of 1st period - Wrist shot by David Krejci.
11:58 of 1st period - Stopped by Michael Leighton without a rebound.
11:59 of 1st period - Darroll Powe wins face-off versus David Krejci in Knights zone.
12:10 of 1st period - Wrist shot by Darroll Powe.
12:10 of 1st period - Shot Misses the Net.
12:12 of 1st period - Slapshot by Darroll Powe.
12:12 of 1st period - Goal by Darroll Powe - Spitfire : 2 - Knights : 2.
12:13 of 1st period - Jarret Stoll wins face-off versus David Krejci in neutral zone.
12:50 of 1st period - Minor Penalty to Ryan Suter for Hooking.
12:50 of 1st period - Minor Penalty to Denis Shvidki for Slashing.
12:51 of 1st period - Shean Donovan wins face-off versus Darroll Powe in neutral zone.
12:58 of 1st period - Wrist shot by Shean Donovan.
12:58 of 1st period - Deflect By Martin Samuelsson.
12:58 of 1st period - Shot Misses the Net.
12:58 of 1st period - Puck is out of play.
12:59 of 1st period - Shean Donovan wins face-off versus Darroll Powe in Knights zone.
13:42 of 1st period - Wrist shot by Tim Kennedy.
13:42 of 1st period - Stopped by Michael Leighton with a rebound.
14:32 of 1st period - Matt Walker is hit by Nikolai Zherdev and loses puck.
14:48 of 1st period - Off-side.
14:49 of 1st period - Jarret Stoll wins face-off versus Tim Kennedy in neutral zone.
14:50 of 1st period - Penalty to Ryan Suter is over, Ryan Suter is back on ice.
14:50 of 1st period - Penalty to Denis Shvidki is over, Denis Shvidki is back on ice.
14:57 of 1st period - Snap shot by Jarret Stoll.
14:57 of 1st period - Shot Misses the Net.
14:59 of 1st period - Slapshot by Karlis Skrastins.
14:59 of 1st period - Stopped by Yann Danis with a rebound.
15:01 of 1st period - Wrist shot by Ryan Suter.
15:01 of 1st period - Stopped by Yann Danis without a rebound.
15:02 of 1st period - Jarret Stoll wins face-off versus Kris Beech in Spitfire zone.
15:18 of 1st period - Slapshot by Denis Shvidki.
15:18 of 1st period - Stopped by Michael Leighton without a rebound.
15:19 of 1st period - David Krejci wins face-off versus Darroll Powe in Knights zone.
15:22 of 1st period - Snap shot by David Krejci.
15:22 of 1st period - Shot Misses the Net.
15:24 of 1st period - Wrist shot by Martin Samuelsson.
15:24 of 1st period - Stopped by Michael Leighton without a rebound.
15:25 of 1st period - Darroll Powe wins face-off versus David Krejci in Knights zone.
15:30 of 1st period - Wrist shot by David Krejci.
15:30 of 1st period - Shot Misses the Net.
15:32 of 1st period - Snap shot by Shean Donovan.
15:32 of 1st period - Shot Misses the Net.
15:34 of 1st period - Wrist shot by David Krejci.
15:34 of 1st period - Shot Misses the Net.
15:36 of 1st period - Slapshot by Shean Donovan.
15:36 of 1st period - Goal by Shean Donovan - Spitfire : 3 - Knights : 2.
15:37 of 1st period - Jarret Stoll wins face-off versus David Krejci in neutral zone.
15:39 of 1st period - Off-side.
15:40 of 1st period - David Krejci wins face-off versus Steve Downie in neutral zone.
15:54 of 1st period - Minor Penalty to Kevin Klein for Hooking.
15:55 of 1st period - Shean Donovan wins face-off versus Darroll Powe in Spitfire zone.
16:26 of 1st period - Slapshot by Matt Moulson.
16:26 of 1st period - Shot Blocked by Ryan Callahan.
17:33 of 1st period - Jeff Schultz is hit by Matt Walker.
17:54 of 1st period - Penalty to Kevin Klein is over, Kevin Klein is back on ice.
18:07 of 1st period - Chris Thorburn is hit by Kevin Klein and loses puck.
18:43 of 1st period - Marc-Antoine Pouliot is hit by Chris Thorburn and loses puck.
19:24 of 1st period - Steve Downie is hit by Kris Beech and loses puck.
19:48 of 1st period - Icing by Chris Thorburn.
19:49 of 1st period - Marc-Antoine Pouliot wins face-off versus Nathan Gerbe in Knights zone.
19:50 of 1st period - Slapshot by Ryan Callahan.
19:50 of 1st period - Stopped by Michael Leighton with a rebound.
19:52 of 1st period - Snap shot by Ryan Callahan.
19:52 of 1st period - Goal by Ryan Callahan - Spitfire : 4 - Knights : 2.
19:52 of 1st period - Dany Sabourin enters game.
19:53 of 1st period - Darroll Powe wins face-off versus David Krejci in neutral zone.
2nd period
0:01 of 2nd period - Darroll Powe wins face-off versus David Krejci in neutral zone.
0:04 of 2nd period - Shean Donovan is hit by Nigel Dawes and loses puck.
0:33 of 2nd period - Snap shot by Denis Shvidki.
0:33 of 2nd period - Goal by Denis Shvidki - Spitfire : 5 - Knights : 2.
0:34 of 2nd period - Jarret Stoll wins face-off versus David Krejci in neutral zone.
0:39 of 2nd period - Snap shot by Steve Downie.
0:39 of 2nd period - Stopped by Yann Danis with a rebound.
0:41 of 2nd period - Slapshot by Ryan Suter.
0:41 of 2nd period - Deflect By Kevin Klein.
0:41 of 2nd period - Stopped by Yann Danis without a rebound.
0:42 of 2nd period - Jarret Stoll wins face-off versus David Krejci in Spitfire zone.
0:43 of 2nd period - Slapshot by Steve Downie.
0:43 of 2nd period - Shot Misses the Net.
0:45 of 2nd period - Slapshot by Jeff Schultz.
0:45 of 2nd period - Shot Blocked by Matt Walker.
1:09 of 2nd period - Off-side.
1:10 of 2nd period - Darroll Powe wins face-off versus Denis Shvidki in neutral zone.
1:21 of 2nd period - Snap shot by Nikolai Zherdev.
1:21 of 2nd period - Shot Hit the Post.
1:23 of 2nd period - Slapshot by Nikolai Zherdev.
1:23 of 2nd period - Shot Blocked by Keith Yandle.
1:25 of 2nd period - Slapshot by Karlis Skrastins.
1:25 of 2nd period - Shot Misses the Net.
1:35 of 2nd period - Zbynek Michalek is hit by Marc-Antoine Pouliot and loses puck.
1:40 of 2nd period - Snap shot by Ryan Callahan.
1:40 of 2nd period - Shot Misses the Net.
1:42 of 2nd period - Slapshot by Matt Walker.
1:42 of 2nd period - Shot Blocked by Karlis Skrastins.
2:08 of 2nd period - Slapshot by Matt Walker.
2:08 of 2nd period - Shot Blocked by Matt Moulson.
2:10 of 2nd period - Slapshot by Kevin Klein.
2:10 of 2nd period - Stopped by Dany Sabourin with a rebound.
2:30 of 2nd period - Snap shot by Darroll Powe.
2:30 of 2nd period - Shot Misses the Net.
3:08 of 2nd period - Wrist shot by Matt Moulson.
3:08 of 2nd period - Stopped by Yann Danis without a rebound.
3:09 of 2nd period - Darroll Powe wins face-off versus David Krejci in Spitfire zone.
3:14 of 2nd period - Snap shot by Nikolai Zherdev.
3:14 of 2nd period - Stopped by Yann Danis without a rebound.
3:14 of 2nd period - Minor Penalty to Yann Danis for Slashing.
3:15 of 2nd period - Darroll Powe wins face-off versus Shean Donovan in Spitfire zone.
3:16 of 2nd period - Snap shot by Nikolai Zherdev.
3:16 of 2nd period - Shot Blocked by Kevin Klein.
3:50 of 2nd period - Slapshot by Steve Downie.
3:50 of 2nd period - Goal by Steve Downie - Spitfire : 5 - Knights : 3.
3:51 of 2nd period - David Krejci wins face-off versus Darroll Powe in neutral zone.
3:53 of 2nd period - Off-side.
3:54 of 2nd period - Darroll Powe wins face-off versus David Krejci in neutral zone.
4:00 of 2nd period - Off-side.
4:01 of 2nd period - Darroll Powe wins face-off versus David Krejci in neutral zone.
4:10 of 2nd period - Snap shot by Darroll Powe.
4:10 of 2nd period - Stopped by Yann Danis without a rebound.
4:10 of 2nd period - Minor Penalty to David Krejci for Roughing.
4:11 of 2nd period - Darroll Powe wins face-off versus Shean Donovan in Spitfire zone.
5:26 of 2nd period - Snap shot by Steve Downie.
5:26 of 2nd period - Shot Blocked by Mathieu Roy.
5:28 of 2nd period - Wrist shot by Matt Moulson.
5:28 of 2nd period - Shot Misses the Net.
5:30 of 2nd period - Snap shot by Steve Downie.
5:30 of 2nd period - Stopped by Yann Danis with a rebound.
5:32 of 2nd period - Slapshot by Jarret Stoll.
5:32 of 2nd period - Goal by Jarret Stoll - Spitfire : 5 - Knights : 4.
5:33 of 2nd period - Darroll Powe wins face-off versus Sergei Kostitsyn in neutral zone.
5:44 of 2nd period - Wrist shot by Nikolai Zherdev.
5:44 of 2nd period - Stopped by Yann Danis with a rebound.
5:46 of 2nd period - Wrist shot by Darroll Powe.
5:46 of 2nd period - Stopped by Yann Danis without a rebound.
5:47 of 2nd period - Darroll Powe wins face-off versus Marc-Antoine Pouliot in Spitfire zone.
5:54 of 2nd period - Slapshot by Nikolai Zherdev.
5:54 of 2nd period - Stopped by Yann Danis with a rebound.
6:12 of 2nd period - Zbynek Michalek is hit by Kevin Klein and loses puck.
6:17 of 2nd period - Snap shot by Denis Shvidki.
6:17 of 2nd period - Stopped by Dany Sabourin without a rebound.
6:18 of 2nd period - Jarret Stoll wins face-off versus Martin Samuelsson in Knights zone.
6:47 of 2nd period - Snap shot by Denis Shvidki.
6:47 of 2nd period - Shot Misses the Net.
6:49 of 2nd period - Wrist shot by Kris Beech.
6:49 of 2nd period - Stopped by Dany Sabourin with a rebound.
6:51 of 2nd period - Snap shot by Keith Yandle.
6:51 of 2nd period - Stopped by Dany Sabourin without a rebound.
6:52 of 2nd period - David Krejci wins face-off versus Jarret Stoll in Knights zone.
7:42 of 2nd period - Wrist shot by Nathan Gerbe.
7:42 of 2nd period - Shot Blocked by Matt Walker.
8:27 of 2nd period - Minor Penalty to David Krejci for Hooking.
8:28 of 2nd period - Darroll Powe wins face-off versus Shean Donovan in Spitfire zone.
8:31 of 2nd period - Wrist shot by Darroll Powe.
8:31 of 2nd period - Stopped by Yann Danis with a rebound.
9:04 of 2nd period - Wrist shot by Jeff Schultz.
9:04 of 2nd period - Stopped by Yann Danis without a rebound.
9:05 of 2nd period - Denis Shvidki wins face-off versus Darroll Powe in Spitfire zone.
9:31 of 2nd period - Snap shot by Matt Moulson.
9:31 of 2nd period - Shot Blocked by Mathieu Roy.
9:33 of 2nd period - Snap shot by Matt Moulson.
9:33 of 2nd period - Shot Misses the Net.
9:45 of 2nd period - Keith Yandle is hit by Zbynek Michalek and loses puck.
10:27 of 2nd period - Penalty to David Krejci is over, David Krejci is back on ice.
10:41 of 2nd period - Snap shot by Kevin Klein.
10:41 of 2nd period - Shot Misses the Net.
10:59 of 2nd period - Snap shot by David Krejci.
10:59 of 2nd period - Stopped by Dany Sabourin without a rebound.
11:00 of 2nd period - Kris Beech wins face-off versus Peter Mueller in Knights zone.
11:25 of 2nd period - Mats Zuccarello is hit by Sergei Kostitsyn and loses puck.
11:50 of 2nd period - Snap shot by Kris Beech.
11:50 of 2nd period - Shot Misses the Net.
11:52 of 2nd period - Backhand shot by Danny Syvret.
11:52 of 2nd period - Shot Blocked by Peter Mueller.
11:54 of 2nd period - Backhand shot by Denis Shvidki.
11:54 of 2nd period - Stopped by Dany Sabourin with a rebound.
11:56 of 2nd period - Wrist shot by Kris Beech.
11:56 of 2nd period - Deflect By Sergei Kostitsyn.
11:56 of 2nd period - Shot Misses the Net.
11:56 of 2nd period - Puck is out of play.
11:57 of 2nd period - Jarret Stoll wins face-off versus David Krejci in Knights zone.
11:57 of 2nd period - Jarret Stoll is hit by Shean Donovan.
12:30 of 2nd period - Wrist shot by Chris Thorburn.
12:30 of 2nd period - Deflect By Matt Walker.
12:30 of 2nd period - Shot Blocked by Martin Samuelsson.
12:30 of 2nd period - Puck is out of play.
12:31 of 2nd period - Marc-Antoine Pouliot wins face-off versus Darroll Powe in Spitfire zone.
14:02 of 2nd period - Slapshot by Darroll Powe.
14:02 of 2nd period - Stopped by Yann Danis with a rebound.
14:12 of 2nd period - Zbynek Michalek is hit by Erik Condra.
14:20 of 2nd period - Snap shot by Shawn Matthias.
14:20 of 2nd period - Stopped by Dany Sabourin with a rebound.
14:38 of 2nd period - Snap shot by Sergei Kostitsyn.
14:38 of 2nd period - Stopped by Dany Sabourin without a rebound.
14:39 of 2nd period - Darroll Powe wins face-off versus David Krejci in Knights zone.
15:10 of 2nd period - Icing by Zbynek Michalek.
15:11 of 2nd period - Kris Beech wins face-off versus Jarret Stoll in Knights zone.
15:16 of 2nd period - Snap shot by Kris Beech.
15:16 of 2nd period - Stopped by Dany Sabourin with a rebound.
15:18 of 2nd period - Slapshot by Kevin Klein.
15:18 of 2nd period - Shot Blocked by Karlis Skrastins.
15:44 of 2nd period - Slapshot by Kris Beech.
15:44 of 2nd period - Deflect By Denis Shvidki.
15:44 of 2nd period - Stopped by Dany Sabourin with a rebound.
15:46 of 2nd period - Wrist shot by Kris Beech.
15:46 of 2nd period - Deflect By Sergei Kostitsyn.
15:46 of 2nd period - Stopped by Dany Sabourin with a rebound.
15:48 of 2nd period - Snap shot by Denis Shvidki.
15:48 of 2nd period - Shot Misses the Net.
15:50 of 2nd period - Snap shot by Matt Walker.
15:50 of 2nd period - Shot Blocked by Jarret Stoll.
15:52 of 2nd period - Slapshot by Kevin Klein.
15:52 of 2nd period - Stopped by Dany Sabourin with a rebound.
15:54 of 2nd period - Snap shot by Kris Beech.
15:54 of 2nd period - Shot Hit the Post.
15:56 of 2nd period - Slapshot by Matt Walker.
15:56 of 2nd period - Stopped by Dany Sabourin with a rebound.
15:58 of 2nd period - Wrist shot by Denis Shvidki.
15:58 of 2nd period - Stopped by Dany Sabourin with a rebound.
16:00 of 2nd period - Wrist shot by Denis Shvidki.
16:00 of 2nd period - Goal by Denis Shvidki - Spitfire : 6 - Knights : 4.
16:01 of 2nd period - David Krejci wins face-off versus Darroll Powe in neutral zone.
16:06 of 2nd period - Ryan Suter is hit by David Krejci and loses puck.
16:28 of 2nd period - Off-side.
16:29 of 2nd period - Marc-Antoine Pouliot wins face-off versus Nathan Gerbe in neutral zone.
16:40 of 2nd period - Snap shot by Marc-Antoine Pouliot.
16:40 of 2nd period - Stopped by Dany Sabourin without a rebound.
16:41 of 2nd period - David Krejci wins face-off versus Darroll Powe in Knights zone.
18:12 of 2nd period - Icing by Shawn Matthias.
18:13 of 2nd period - Darroll Powe wins face-off versus Shawn Matthias in Spitfire zone.
18:14 of 2nd period - Wrist shot by Nigel Dawes.
18:14 of 2nd period - Stopped by Yann Danis with a rebound.
18:16 of 2nd period - Snap shot by Nigel Dawes.
18:16 of 2nd period - Shot Blocked by Danny Syvret.
18:18 of 2nd period - Snap shot by Nigel Dawes.
18:18 of 2nd period - Shot Misses the Net.
18:20 of 2nd period - Wrist shot by Nikolai Zherdev.
18:20 of 2nd period - Shot Blocked by Paul Bissonnette.
18:22 of 2nd period - Snap shot by Nigel Dawes.
18:22 of 2nd period - Shot Blocked by Danny Syvret.
18:24 of 2nd period - Slapshot by Nikolai Zherdev.
18:24 of 2nd period - Deflect By Darroll Powe.
18:24 of 2nd period - Shot Misses the Net.
18:24 of 2nd period - Puck is out of play.
18:25 of 2nd period - Darroll Powe wins face-off versus David Krejci in Spitfire zone.
18:26 of 2nd period - Slapshot by Nikolai Zherdev.
18:26 of 2nd period - Goal by Nikolai Zherdev - Spitfire : 6 - Knights : 5.
18:27 of 2nd period - Darroll Powe wins face-off versus David Krejci in neutral zone.
18:59 of 2nd period - Matt Moulson is hit by Matt Walker and loses puck.
19:18 of 2nd period - Ryan Suter is hit by Kevin Klein and loses puck.
19:31 of 2nd period - Slapshot by Kevin Klein.
19:31 of 2nd period - Deflect By Erik Condra.
19:31 of 2nd period - Stopped by Dany Sabourin without a rebound.
19:32 of 2nd period - Shawn Matthias wins face-off versus Peter Mueller in Knights zone.
3rd period
0:01 of 3rd period - Nigel Dawes wins face-off versus David Krejci in neutral zone.
0:09 of 3rd period - Minor Penalty to Martin Samuelsson for Roughing.
0:10 of 3rd period - Darroll Powe wins face-off versus Shean Donovan in Spitfire zone.
0:11 of 3rd period - Snap shot by Nigel Dawes.
0:11 of 3rd period - Stopped by Yann Danis with a rebound.
0:13 of 3rd period - Slapshot by Jeff Schultz.
0:13 of 3rd period - Stopped by Yann Danis with a rebound.
0:15 of 3rd period - Snap shot by Nikolai Zherdev.
0:15 of 3rd period - Stopped by Yann Danis without a rebound.
0:16 of 3rd period - Shean Donovan wins face-off versus Nigel Dawes in Spitfire zone.
0:24 of 3rd period - Icing by Nigel Dawes.
0:25 of 3rd period - Shean Donovan wins face-off versus Darroll Powe in Knights zone.
0:42 of 3rd period - Snap shot by Nigel Dawes.
0:42 of 3rd period - Stopped by Yann Danis without a rebound.
0:43 of 3rd period - Steve Downie wins face-off versus Shean Donovan in Spitfire zone.
0:50 of 3rd period - Slapshot by Steve Downie.
0:50 of 3rd period - Stopped by Yann Danis with a rebound.
0:52 of 3rd period - Snap shot by Steve Downie.
0:52 of 3rd period - Shot Blocked by Shean Donovan.
0:54 of 3rd period - Snap shot by Jeff Schultz.
0:54 of 3rd period - Shot Blocked by Shean Donovan.
1:16 of 3rd period - Slapshot by Nikolai Zherdev.
1:16 of 3rd period - Stopped by Yann Danis with a rebound.
2:09 of 3rd period - Penalty to Martin Samuelsson is over, Martin Samuelsson is back on ice.
2:25 of 3rd period - Karlis Skrastins is hit by Ryan Callahan and loses puck.
2:40 of 3rd period - Snap shot by Sergei Kostitsyn.
2:40 of 3rd period - Shot Blocked by Karlis Skrastins.
3:10 of 3rd period - Wrist shot by Shawn Matthias.
3:10 of 3rd period - Goal by Shawn Matthias - Spitfire : 7 - Knights : 5.
3:11 of 3rd period - Jarret Stoll wins face-off versus David Krejci in neutral zone.
3:18 of 3rd period - Wrist shot by Matt Moulson.
3:18 of 3rd period - Stopped by Yann Danis with a rebound.
3:56 of 3rd period - Snap shot by Matt Moulson.
3:56 of 3rd period - Shot Misses the Net.
4:18 of 3rd period - Wrist shot by Matt Moulson.
4:18 of 3rd period - Shot Misses the Net.
4:20 of 3rd period - Backhand shot by Jeff Schultz.
4:20 of 3rd period - Shot Blocked by Martin Samuelsson.
4:22 of 3rd period - Snap shot by Steve Downie.
4:22 of 3rd period - Shot Blocked by Martin Samuelsson.
4:24 of 3rd period - Snap shot by Matt Moulson.
4:24 of 3rd period - Stopped by Yann Danis with a rebound.
4:26 of 3rd period - Wrist shot by Matt Moulson.
4:26 of 3rd period - Shot Misses the Net.
4:28 of 3rd period - Slapshot by Ryan Suter.
4:28 of 3rd period - Stopped by Yann Danis with a rebound.
4:30 of 3rd period - Slapshot by Steve Downie.
4:30 of 3rd period - Stopped by Yann Danis with a rebound.
4:32 of 3rd period - Slapshot by Jeff Schultz.
4:32 of 3rd period - Stopped by Yann Danis without a rebound.
4:33 of 3rd period - Kris Beech wins face-off versus Darroll Powe in Spitfire zone.
4:40 of 3rd period - Wrist shot by Nigel Dawes.
4:40 of 3rd period - Stopped by Yann Danis with a rebound.
5:00 of 3rd period - Bobby Butler is hit by Keith Yandle and loses puck.
5:39 of 3rd period - Snap shot by Darroll Powe.
5:39 of 3rd period - Shot Blocked by Keaton Ellerby.
5:41 of 3rd period - Snap shot by Darroll Powe.
5:41 of 3rd period - Shot Misses the Net.
6:05 of 3rd period - Icing by Shawn Matthias.
6:06 of 3rd period - Shawn Matthias wins face-off versus Peter Mueller in Spitfire zone.
6:15 of 3rd period - Snap shot by Joel Ward.
6:15 of 3rd period - Deflect By Peter Mueller.
6:15 of 3rd period - Shot Blocked by Shawn Matthias.
6:15 of 3rd period - Puck is out of play.
6:16 of 3rd period - Kris Beech wins face-off versus Darroll Powe in Spitfire zone.
6:16 of 3rd period - Kris Beech is hit by Nikolai Zherdev.
7:04 of 3rd period - Off-side.
7:05 of 3rd period - Nathan Gerbe wins face-off versus Shawn Matthias in neutral zone.
7:22 of 3rd period - Paul Bissonnette is hit by Aaron Rome and loses puck.
7:29 of 3rd period - Shawn Matthias is hit by Garnet Exelby and loses puck.
7:36 of 3rd period - Slapshot by Erik Condra.
7:36 of 3rd period - Deflect By Garnet Exelby.
7:36 of 3rd period - Shot Misses the Net.
7:36 of 3rd period - Puck is out of play.
7:37 of 3rd period - David Krejci wins face-off versus Darroll Powe in Knights zone.
7:42 of 3rd period - Snap shot by Shean Donovan.
7:42 of 3rd period - Stopped by Dany Sabourin with a rebound.
7:44 of 3rd period - Snap shot by Shean Donovan.
7:44 of 3rd period - Deflect By David Krejci.
7:44 of 3rd period - Shot Misses the Net.
7:44 of 3rd period - Puck is out of play.
7:45 of 3rd period - Nigel Dawes wins face-off versus David Krejci in Knights zone.
7:45 of 3rd period - Nigel Dawes is hit by Shean Donovan.
7:55 of 3rd period - Slapshot by Nigel Dawes.
7:55 of 3rd period - Shot Misses the Net.
8:31 of 3rd period - Snap shot by Martin Samuelsson.
8:31 of 3rd period - Shot Misses the Net.
8:33 of 3rd period - Slapshot by David Krejci.
8:33 of 3rd period - Shot Blocked by Nigel Dawes.
8:35 of 3rd period - Wrist shot by Shean Donovan.
8:35 of 3rd period - Shot Blocked by Jeff Schultz.
8:37 of 3rd period - Wrist shot by Martin Samuelsson.
8:37 of 3rd period - Shot Misses the Net.
8:39 of 3rd period - Slapshot by Keaton Ellerby.
8:39 of 3rd period - Stopped by Dany Sabourin with a rebound.
8:43 of 3rd period - Snap shot by David Krejci.
8:43 of 3rd period - Stopped by Dany Sabourin with a rebound.
8:45 of 3rd period - Snap shot by Keaton Ellerby.
8:45 of 3rd period - Deflect By Ryan Suter.
8:45 of 3rd period - Stopped by Dany Sabourin without a rebound.
8:45 of 3rd period - Minor Penalty to Darroll Powe for Hooking.
8:46 of 3rd period - Kris Beech wins face-off versus Mats Zuccarello in Knights zone.
10:45 of 3rd period - Penalty to Darroll Powe is over, Darroll Powe is back on ice.
11:12 of 3rd period - Danny Syvret is hit by Peter Mueller and loses puck.
11:19 of 3rd period - Snap shot by Mats Zuccarello.
11:19 of 3rd period - Shot Blocked by Danny Syvret.
11:21 of 3rd period - Slapshot by Aaron Rome.
11:21 of 3rd period - Shot Blocked by Danny Syvret.
11:39 of 3rd period - Erik Condra is hit by Darroll Powe.
12:32 of 3rd period - Shawn Matthias is hit by Ryan Suter and loses puck.
12:43 of 3rd period - Karlis Skrastins is hit by Ryan Callahan and loses puck.
12:54 of 3rd period - Kevin Klein is hit by Mats Zuccarello and loses puck.
13:29 of 3rd period - Nigel Dawes is hit by Paul Bissonnette and loses puck.
13:34 of 3rd period - Wrist shot by Keith Yandle.
13:34 of 3rd period - Stopped by Dany Sabourin with a rebound.
14:59 of 3rd period - Garnet Exelby is hit by Shawn Matthias and loses puck.
15:54 of 3rd period - Marc-Antoine Pouliot is hit by Darroll Powe and loses puck.
16:07 of 3rd period - Chris Thorburn is hit by Keaton Ellerby and loses puck.
16:44 of 3rd period - Aaron Rome is hit by Matt Walker and loses puck.
16:58 of 3rd period - Off-side.
16:59 of 3rd period - Marc-Antoine Pouliot wins face-off versus Darroll Powe in neutral zone.
17:24 of 3rd period - Slapshot by Marc-Antoine Pouliot.
17:24 of 3rd period - Shot Misses the Net.
17:26 of 3rd period - Snap shot by Tim Kennedy.
17:26 of 3rd period - Shot Misses the Net.
17:28 of 3rd period - Wrist shot by Tim Kennedy.
17:28 of 3rd period - Shot Misses the Net.
17:30 of 3rd period - Snap shot by Ryan Callahan.
17:30 of 3rd period - Shot Blocked by Nigel Dawes.
17:54 of 3rd period - Wrist shot by Ryan Callahan.
17:54 of 3rd period - Stopped by Dany Sabourin with a rebound.
17:56 of 3rd period - Slapshot by Danny Syvret.
17:56 of 3rd period - Stopped by Dany Sabourin without a rebound.
17:57 of 3rd period - Jarret Stoll wins face-off versus David Krejci in Knights zone.
18:10 of 3rd period - Slapshot by Steve Downie.
18:10 of 3rd period - Stopped by Yann Danis without a rebound.
18:11 of 3rd period - Chris Thorburn wins face-off versus David Krejci in Spitfire zone.
18:36 of 3rd period - Kris Beech is hit by Ryan Suter and loses puck.
18:43 of 3rd period - Slapshot by Matt Walker.
18:43 of 3rd period - Shot Blocked by Ryan Suter.
18:45 of 3rd period - Snap shot by Kris Beech.
18:45 of 3rd period - Shot Misses the Net.
18:47 of 3rd period - Snap shot by Kris Beech.
18:47 of 3rd period - Deflect By Denis Shvidki.
18:47 of 3rd period - Stopped by Dany Sabourin with a rebound.
19:41 of 3rd period - Wrist shot by Nikolai Zherdev.
19:41 of 3rd period - Stopped by Yann Danis with a rebound.
Output by the SimonT Hockey Simulator (STHS) for François Prévost -- Original Page W3C XHTML 1.0 Valid